 Dungeon Crawl Stone Soup version 0.29.1-2-gbd0b4ee654 (webtiles) character file.

Game seed: 15697363259972577199

163 RascalDebosk the Magician (level 5, -1/39 HPs)
             Began as a Djinni Fire Elementalist on Oct 27, 2022.
             Slain by a gnoll
             ... wielding a +0 spear
             ... led by a gnoll bouda
              (3 damage)
             ... on level 4 of the Dungeon.
             The game lasted 00:17:51 (2975 turns).

RascalDebosk the Magician (DjFE)                    Turns: 2975, Time: 00:17:52

Health: -1/39      AC:  4    Str:  7    XL:     5   Next: 72%
Gold:   105        EV: 12    Int: 18    God:
                   SH:  0    Dex: 14

rFire   + + +      SeeInvis .   (no weapon)
rCold   x . .      Faith    .   (no shield)
rNeg    . . .      Spirit   .   l - +2 robe {rF+}
rPois   ∞          Reflect  .   (no helmet)
rElec   .          Harm     .   (no cloak)
rCorr   .          Rampage  .   (no gloves)
Will    .....                   (boots unavailable)
Stlth   ++........              (no amulet)
HPRegen 0.13/turn               (no ring)
MPRegen 0.00/turn               (no ring)

@: weakened, flying
A: sickness immunity, fire resistance 2, cold vulnerability 1, float, innate
caster, HP casting, extra vitality 1
a: no special abilities


You were on level 4 of the Dungeon.
You visited 1 branch of the dungeon, and saw 4 of its levels.

You collected 205 gold pieces.
You spent 100 gold pieces at shops.

Inventory:

Armour
 a - a +0 robe
 l - a +2 robe of fire resistance (worn)
Magical Staves
 c - a staff of death
Scrolls
 b - 5 scrolls of teleportation {unknown}
 d - 2 scrolls of vulnerability {unknown}
 e - a scroll of summoning {unknown}
 h - a scroll of poison {unknown}
 i - 6 scrolls of identify {unknown}
 n - a scroll of fog {unknown}
 o - a scroll of fear {unknown}
Potions
 f - 3 potions of mutation {unknown}
 g - a potion of degeneration {unknown}
 j - 2 potions of lignification {unknown}
 k - a potion of curing {unknown}
 m - a potion of brilliance {unknown}
 p - 2 potions of magic {unknown}
 q - 2 potions of ambrosia {unknown}
 r - a potion of might {unknown}


   Skills:
 + Level 2.6 Fighting
 - Level 2.1 Dodging
 - Level 1.5 Stealth
 * Level 4.0 Spellcasting


You couldn't memorise any spells.
You knew the following spells:

 Your Spells              Type           Power      Damage    Failure   Level
a - Foxfire               Conj/Fire      72%        2x1d7     2%          1
b - Scorch                Fire           36%        2d6       4%          2
c - Conjure Flame         Conj/Fire      18%        6-21      9%          3
d - Inner Flame           Hex/Fire       18%        N/A       9%          3
e - Flame Wave            Conj/Fire      18%        2d7       28%         4
f - Apportation           Tloc           36%        N/A       2%          1
g - Poisonous Vapours     Pois/Air       36%        N/A       4%          2
Your spell library was empty.

Dungeon Overview and Level Annotations

Branches:
Dungeon (4/15)
 Temple: D:4-7

Altars:

Shops:
D:2 *


Innate Abilities, Weirdness & Mutations

You are immune to sickness and miasma.
You are immune to poison.
Your flesh is very heat resistant. (rF++)
You are vulnerable to cold. (rC-)
You float through the air rather than walking.
You learn spells naturally, not from books.
Your magical power is your life essence.
You have superior vitality. (+4 MHP)


Message History

You kill the gnoll!
You hear a shout!
The foxfire hits the gnoll bouda but does no damage.
Casting: Scorch (safe; 5% risk of failure)
Confirm with . or Enter, or press ? or * to list all spells.
Flames lash the gnoll bouda.
The gnoll bouda is lightly wounded.
The gnoll bouda's fire resistance burns away.
The gnoll bouda gazes fiercely through you!
You feel as though you will be weak longer.
Casting: Foxfire (safe; 3% risk of failure)
Press: ? - help, Q - select action, (/) - cycle Dir - look around, f - activate You conjure some foxfire!
The gnoll bouda gazes fiercely through you!
You feel as though you will be weak longer.
The foxfire hits the gnoll bouda but does no damage.
The gnoll bouda is lightly wounded.
A gnoll comes into view. It is wielding a +0 spear.
Casting: Foxfire (safe; 3% risk of failure)
Confirm with . or Enter, or press ? or * to list all spells.
The spell is extremely dangerous to miscast (34% risk of failure)!
Continue anyway?
Casting: Flame Wave (extremely dangerous; 34% risk of failure)
Press: ? - help, Dir - look around, f - activate A wave of flame ripples out!
The flame wave engulfs the gnoll bouda but does no damage.
The gnoll bouda is lightly wounded.
The flame wave engulfs your foxfire.
Your foxfire completely resists. (Press . to intensify the flame waves.)
You hear a shout! x2
The foxfire hits the gnoll bouda.
The gnoll bouda is burned terribly!
The gnoll bouda is moderately wounded.
A wave of flame ripples out!
The flame wave engulfs the gnoll bouda!
The gnoll bouda is burned terribly!
The gnoll bouda is severely wounded.
The flame wave engulfs the gnoll!
The gnoll is almost dead.
The gnoll bouda is no longer more vulnerable to fire.
The gnoll bouda barks out a call to the hunt!
The gnoll picks up the pace!
An orc wizard comes into view. It is wielding a +0 dagger of venom.
A wave of flame ripples out!
The flame wave engulfs the gnoll bouda but does no damage.
The gnoll bouda is severely wounded.
The flame wave engulfs the gnoll.
You kill the gnoll!
The flame wave engulfs the gnoll!
The gnoll is almost dead.
You finish channelling waves of flame.
The gnoll bouda hits you with a +0 whip.
You have reached level 5!
The power to cast Poisonous Vapours wells up from within.
Spell assigned to 'g'.
Casting: Flame Wave (extremely dangerous; 34% risk of failure)
Confirm with . or Enter, or press ? or * to list all spells.
The spell is extremely dangerous to miscast (34% risk of failure)!
Continue anyway?
Casting: Flame Wave (extremely dangerous; 34% risk of failure)
Press: ? - help, Dir - look around, f - activate A wave of flame ripples out!
The flame wave engulfs the gnoll bouda!
You kill the gnoll bouda! (Press . to intensify the flame waves.)
* * * LOW HITPOINT WARNING * * *
The gnoll barely misses you.
An orc comes into view. It is wielding a +0 dagger.
A wave of flame ripples out!
The flame wave engulfs the gnoll.
You kill the gnoll!
The flame wave engulfs the orc wizard.
The orc wizard is lightly wounded.
* * * LOW HITPOINT WARNING * * *
An orc comes into view.
It is wielding a +0 short sword of electrocution.
A wave of flame ripples out!
The flame wave engulfs the orc wizard!
The orc wizard is severely wounded.
The flame wave engulfs the gnoll!
The gnoll is heavily wounded.
* * * LOW HITPOINT WARNING * * *
You finish channelling waves of flame.
The gnoll misses you.
The orc wizard hits you but does no damage.
Casting: Flame Wave (extremely dangerous; 30% risk of failure)
Confirm with . or Enter, or press ? or * to list all spells.
Flames lash the orc wizard.
You kill the orc wizard!
* * * LOW HITPOINT WARNING * * *
The gnoll barely misses you.
Your Spellcasting skill increases to level 4!
Casting: Scorch (safe; 4% risk of failure)
Confirm with . or Enter, or press ? or * to list all spells.
Flames lash the gnoll but do no damage.
* * * LOW HITPOINT WARNING * * *
The gnoll misses you.
Casting: Foxfire (safe; 2% risk of failure)
Press: ? - help, Q - select action, (/) - cycle Dir - look around, f - activate You conjure some foxfire!
* * * LOW HITPOINT WARNING * * *
The gnoll completely misses you.
Your foxfire dissipates!
The foxfire hits the orc but does no damage.
The gnoll hits you from afar with a +0 spear!
* * * LOW HITPOINT WARNING * * *
The gnoll hits you from afar with a +0 spear.
You die...

### ... #.# #.# #.# # #.# .#
##########.#############.###
......oo.g.@................
###.##)####.########.#.#####
#) #....[.....##.# # #.
##########...####. #.
.....#..###.# #.
#.##.#....... #. #.........
#. ###....... ##.....#


You could see a gnoll (swift) and 2 orcs.

Vanquished Creatures
  A gnoll bouda (D:4)
  Jessica (D:2)
  An orc wizard (D:4)
  3 gnolls (D:4)
  5 dart slugs
  4 orcs (D:3)
  3 ball pythons
  2 bats
  3 endoplasms
  A giant cockroach (D:3)
  A hobgoblin (D:3)
  3 kobolds
  2 quokkas
  A frilled lizard (D:3)
  7 goblins
  4 rats
42 creatures vanquished.

Vanquished Creatures (others)
  103 foxfires
103 creatures vanquished.

Grand Total: 145 creatures vanquished

Notes
Turn   | Place    | Note
-------+----------+-------------------------------------------
     0 | D:1      | RascalDebosk the Djinni Fire Elementalist began the quest
                  | for the Orb.
     0 | D:1      | RascalDebosk set off with the following spells memorised:
                  | Foxfire, Scorch, Conjure Flame, Inner Flame, Flame Wave.
     0 | D:1      | Reached XP level 1. HP: 15/15 MP: 0/0
   399 | D:1      | Reached XP level 2. HP: 21/22 MP: 0/0
   408 | D:1      | Noticed a great orb of eyes
   409 | D:1      | Found a faded altar of an unknown god.
   497 | D:1      | Noticed a great orb of eyes
   504 | D:1      | Noticed an eye of devastation
   507 | D:1      | Noticed an eye of devastation
  1174 | D:2      | Reached skill level 1 in Fighting
  1245 | D:2      | Found Cohuloul's Assorted Antiques.
  1254 | D:2      | Bought a white potion for 19 gold pieces
  1254 | D:2      | Bought a runed robe for 81 gold pieces
  1550 | D:2      | Noticed Jessica
  1557 | D:2      | Killed Jessica
  1558 | D:2      | Reached skill level 3 in Spellcasting
  1558 | D:2      | Reached XP level 3. HP: 20/27 MP: 0/0
  1558 | D:2      | Learned a level 1 spell: Apportation
  1749 | D:3      | Reached XP level 4. HP: 29/32 MP: 0/0
  2966 | D:4      | Reached XP level 5. HP: 20/38 MP: 0/0
  2966 | D:4      | Learned a level 2 spell: Poisonous Vapours
  2970 | D:4      | Reached skill level 4 in Spellcasting
  2972 | D:4      | HP: 1/39 [gnoll/+0 spear[a gnoll bouda] (9)]
  2975 | D:4      | Slain by a gnoll

Illustrated notes

Levels and vault maps discovered:
D:1:      dpeg_arrival_tiny_a, layout_basic,
          hellmonk_ecumenical_altar_watching_god
D:2:      layout_rooms, serial_shops, nicolae_shop_advertising_works
          [nicolae_subvault_shop_adworks], kennysheep_jessica_study
D:3:      layout_loops_ring
D:4:      layout_loops_ring, roderic_lattice_a, minivault_26, uniq_natasha

Skill      XL: |  1  2  3  4  5 |
---------------+----------------+-----
Fighting       | 1 2 |  2.6
Spellcasting   | 3 4 |  4.0
Dodging        | |  2.1
Stealth        | |  1.5

Action                   |  1- 3 |  4- 6 || total
-------------------------+-------+-------++-------
 Cast: Foxfire           |    32 |    38 ||    70
       Scorch            |     4 |     5 ||     9
       Apportation       |     1 |       ||     1
       Flame Wave        |       |     3 ||     3
       Inner Flame       |       |     2 ||     2
Armor: Robe              |     1 |     2 ||     3
Dodge: Dodged            |       |    13 ||    13
